Map: Ley Lines

Players

HeroMarine

  • Race: Terran Terran
  • Spawn Location: 7:00

Rogue - Winner!

  • Race: Zerg Zerg
  • Spawn Location: 1:00

Event: Esports World Cup 2025

VOD

Have the link to the VOD?

Description

Time

  • Played on: July 23, 2025, 7:03 a.m.
  • Length: 11:14

All games in this series

Show
View Real Time Build Order
Export as new Build Order

HeroMarine Terran 

Build Orders: Reaper Expand, Hellion Banshee, Mech 

Get SALT Encoding   

  12  0:00  SCV  
  13  0:12  SCV  
  14  0:16  Supply Depot  
  14  0:24  SCV  
  15  0:38  SCV  
  15  0:40  Barracks  
  15  0:42  Refinery  
  16  0:50  SCV  
  17  1:02  SCV  
  18  1:14  SCV  
  19  1:27  Orbital Command, Reaper  
  20  1:38  Command Center  
  20  1:44  Supply Depot  
  20  1:52  SCV  
  21  1:58  Marine  
  22  2:04  SCV  
  22  2:06  Factory  
  23  2:16  SCV  
  24  2:22  Barracks Reactor  
  24  2:29  SCV  
  25  2:35  Command Center  
  25  2:41  SCV  
  26  2:50  Orbital Command  
  26  2:53  SCV  
  26  2:57  Starport  
  27  3:01  Refinery  
  27  3:05  SCV  
  28  3:09  Hellion  
  30  3:13  Hellion  
  30  3:16  SCV  
  30  3:17  SCV  
  34  3:21  Barracks Tech Lab  
  34  3:28  SCV  
  34  3:29  SCV  
  34  3:30  Hellion  
  38  3:35  Hellion  
  38  3:40  SCV  
  41  3:41  SCV  
  41  3:47  Viking  
  41  3:48  Orbital Command  
  44  3:52  SCV  
  44  3:53  SCV  
  46  3:58  Hellion  
  46  3:59  Hellion  
  50  4:04  SCV  
  50  4:05  SCV  
  52  4:10  Supply Depot  
  52  4:14  Cloaking Field  
  52  4:17  Banshee, SCV x2  
  52  4:18  SCV  
  52  4:20  Barracks Tech Lab  
  58  4:24  Hellion  
  58  4:31  SCV  
  61  4:32  Hellion, Supply Depot, SCV x2  
  65  4:42  Refinery x2  
  65  4:44  SCV  
  65  4:45  Supply Depot, SCV x2  
  68  4:53  Factory  
  68  4:55  Marine  
  68  4:56  Orbital Command  
  68  4:57  SCV x2  
  68  4:58  Factory  
  71  5:05  Hellion  
  71  5:06  Hellion, Banshee  
  78  5:09  SCV x2  
  78  5:16  Hyperflight Rotors  
  78  5:21  SCV x2  
  78  5:25  SCV  
  78  5:26  Refinery  
  78  5:28  Refinery, Barracks Tech Lab  
  79  5:33  SCV x2  
  81  5:37  SCV  
  82  5:42  Supply Depot  
  82  5:43  Supply Depot x2  
  82  5:45  Supply Depot, SCV x2  
  82  5:49  Mag-Field Accelerator, SCV  
  85  6:02  Supply Depot  
  85  6:03  Supply Depot  
  85  6:04  Cyclone, Banshee, SCV x2  
  85  6:05  Cyclone, SCV, Hellion  
  85  6:06  Hellion  
  85  6:10  Supply Depot  
  100  6:16  SCV x2  
  100  6:17  SCV  
  97  6:28  SCV x2  
  97  6:29  SCV  
  97  6:30  Hellion x2  
  93  6:36  Siege Tank  
  73  6:40  SCV x2  
  73  6:41  SCV  
  64  6:53  SCV x3  
  63  7:05  SCV x3  
  63  7:07  Cyclone  
  66  7:08  Cyclone  
  66  7:11  Banshee  
  72  7:17  SCV x3  
  75  7:25  Supply Depot  
  75  7:29  Factory, SCV x3  
  78  7:33  Factory  
  78  7:41  SCV x3  
  81  7:51  Cyclone x2  
  81  7:53  SCV x3  
  81  7:56  Refinery, Command Center  
  87  8:00  Banshee  
  87  8:05  SCV x2  
  92  8:06  SCV  
  93  8:15  Factory Tech Lab  
  93  8:17  SCV x2  
  93  8:18  Factory Tech Lab, SCV  
  93  8:19  Supply Depot  
  96  8:23  Siege Tank x2  
  102  8:29  SCV x2  
  104  8:34  Supply Depot  
  104  8:35  Siege Tank  
  104  8:36  Hellion  
  104  8:37  Infernal Pre-Igniter  
  104  8:39  SCV  
  110  8:41  SCV  
  110  8:42  SCV  
  112  8:51  SCV  
  112  8:52  Siege Tank  
  112  8:53  SCV  
  112  8:54  SCV  
  121  8:55  Siege Tank x2  
  121  8:58  Starport Reactor  
  124  9:02  Engineering Bay  
  124  9:03  SCV  
  124  9:06  SCV x2  
  124  9:07  Siege Tank  
  124  9:09  Hellion  
  132  9:15  SCV  
  132  9:16  SCV  
  123  9:18  SCV x2  
  117  9:24  Siege Tank  
  117  9:27  Siege Tank x2, SCV  
  117  9:28  Orbital Command  
  117  9:30  SCV x2  
  101  9:39  SCV, Siege Tank  
  101  9:42  SCV x2  
  101  9:44  Hellion x2  
  93  9:51  SCV  
  80  9:54  SCV x2  
  80  9:56  SCV  
  80  10:00  Hellion  
  80  10:04  SCV  
  80  10:06  SCV x2  
  82  10:08  SCV  
  82  10:13  Cyclone  
  84  10:16  SCV  
  84  10:17  Siege Tank  
  84  10:18  SCV x2  
  84  10:20  SCV  
  85  10:21  Engineering Bay  
  85  10:27  Armory  
  86  10:31  Cyclone  
  86  10:33  Cyclone  
  86  10:35  SCV x2  
  93  10:37  SCV  
  93  10:38  SCV  
  101  10:51  Missile Turret  
  101  10:53  SCV x3  
  101  10:54  SCV  
  102  10:59  Missile Turret  
Show
View Real Time Build Order
Export as new Build Order

Rogue Zerg - Winner!

Build Orders: Hatch First, Roach Hydra 

Get SALT Encoding   

  12  0:00  Drone  
  13  0:11  Overlord  
  13  0:16  Drone  
  14  0:30  Drone x2  
  16  0:47  Hatchery  
  16  0:49  Drone  
  16  0:52  Drone  
  16  0:55  Drone  
  18  1:07  Extractor  
  18  1:11  Spawning Pool  
  16  1:13  Drone  
  16  1:17  Drone  
  18  1:27  Drone  
  19  1:38  Drone  
  20  1:49  Drone  
  21  1:58  Queen  
  21  1:59  Queen  
  25  2:04  Zergling x4  
  27  2:11  Drone, Overlord  
  28  2:25  Hatchery  
  28  2:26  Drone  
  28  2:30  Drone  
  28  2:31  Drone  
  28  2:33  Drone  
  31  2:42  Overlord  
  31  2:43  Drone  
  31  2:46  Queen  
  33  2:53  Drone  
  33  2:54  Drone  
  35  3:05  Drone x2  
  37  3:10  Drone x3  
  37  3:12  Overlord  
  40  3:15  Drone x2  
  40  3:18  Drone  
  40  3:19  Drone  
  44  3:24  Lair  
  44  3:38  Queen  
  44  3:39  Drone x4  
  44  3:40  Roach Warren  
  49  3:42  Drone  
  49  3:43  Drone  
  49  3:48  Drone  
  52  3:49  Extractor  
  52  3:50  Evolution Chamber  
  52  3:51  Overlord  
  50  3:56  Drone  
  50  3:59  Drone x3  
  54  4:03  Spore Crawler  
  54  4:04  Overlord  
  54  4:08  Spore Crawler  
  53  4:16  Overlord  
  53  4:20  Roach x5  
  63  4:26  Overlord  
  63  4:27  Drone  
  63  4:30  Drone  
  65  4:32  Overlord  
  65  4:33  Drone  
  65  4:37  Glial Reconstitution  
  66  4:42  Drone x2, Extractor, Queen  
  69  4:46  Drone x3  
  69  4:47  Drone  
  69  4:48  Drone  
  69  4:50  Drone  
  75  4:55  Overlord  
  75  4:58  Overseer, Overlord  
  75  5:01  Drone, Overlord  
  75  5:05  Overlord  
  75  5:06  Drone x2  
  78  5:11  Roach x2  
  78  5:13  Extractor  
  81  5:18  Roach x2  
  85  5:24  Roach x3  
  85  5:25  Roach  
  85  5:26  Roach  
  85  5:27  Roach  
  97  5:29  Extractor  
  97  5:31  Roach  
  97  5:33  Roach  
  100  5:37  Roach  
  100  5:38  Overlord  
  100  5:39  Roach  
  100  5:41  Roach  
  106  5:44  Roach  
  106  5:45  Overlord  
  106  5:46  Roach  
  106  5:49  Roach  
  112  5:54  Overlord, Roach  
  114  6:00  Drone, Overlord  
  114  6:01  Drone x3, Hydralisk Den  
  117  6:04  Drone x2  
  117  6:05  Overlord  
  117  6:09  Drone x2  
  121  6:11  Burrow  
  121  6:13  Overlord  
  121  6:17  Drone  
  122  6:20  Drone  
  122  6:21  Drone  
  122  6:23  Drone x2  
  122  6:24  Drone  
  125  6:27  Drone x2  
  125  6:31  Muscular Augments  
  123  6:35  Drone  
  123  6:38  Roach  
  124  6:42  Hatchery  
  124  6:45  Extractor  
  124  6:46  Metabolic Boost  
  116  6:49  Spore Crawler  
  116  6:50  Spore Crawler x2  
  116  6:51  Drone x2  
  116  6:52  Drone  
  106  6:57  Zerg Missile Weapons Level 1  
  94  7:03  Hydralisk x4  
  94  7:07  Tunneling Claws  
  98  7:09  Drone  
  98  7:12  Hydralisk  
  98  7:13  Hydralisk  
  98  7:14  Hydralisk  
  105  7:18  Roach x2  
  105  7:20  Roach  
  107  7:24  Roach x3  
  107  7:29  Overseer x2  
  113  7:31  Roach x2  
  113  7:33  Hydralisk  
  119  7:40  Roach x5  
  119  7:42  Overlord  
  126  7:46  Grooved Spines  
  126  7:48  Roach x2  
  126  7:49  Roach  
  126  7:51  Roach  
  126  7:54  Roach  
  126  7:55  Roach x2  
  132  8:00  Drone x5  
  132  8:04  Infestation Pit  
  136  8:07  Hydralisk  
  136  8:08  Hydralisk  
  136  8:10  Hydralisk x2  
  144  8:16  Overlord  
  144  8:22  Extractor  
  144  8:23  Extractor  
  144  8:24  Drone x2  
  144  8:25  Drone x7  
  147  8:28  Hydralisk  
  147  8:29  Hydralisk  
  147  8:34  Spore Crawler  
  150  8:35  Hydralisk  
  150  8:37  Hydralisk  
  150  8:39  Ravager  
  150  8:40  Ravager x2  
  150  8:41  Roach  
  159  8:45  Spore Crawler  
  159  8:47  Roach x3  
  164  8:50  Overlord  
  164  8:51  Roach x10  
  164  8:56  Roach  
  164  8:57  Roach x3  
  164  8:59  Roach  
  164  9:01  Roach  
  176  9:07  Hive  
  176  9:09  Evolution Chamber  
  177  9:10  Roach  
  177  9:11  Roach x2  
  177  9:13  Roach  
  177  9:16  Overlord  
  183  9:17  Overseer  
  183  9:23  Roach x2  
  167  9:25  Roach  
  167  9:27  Roach x3  
  167  9:28  Roach x2  
  167  9:29  Roach  
  167  9:31  Roach  
  163  9:35  Roach x3  
  163  9:37  Roach  
  155  9:42  Roach  
  155  9:44  Overlord  
  155  9:45  Overlord  
  142  9:47  Roach x2  
  142  9:49  Roach  
  142  9:51  Roach  
  142  9:52  Roach  
  128  9:54  Roach  
  128  9:59  Roach x3  
  130  10:01  Roach  
  130  10:05  Ravager, Roach x2  
  130  10:06  Ravager x2  
  137  10:08  Roach  
  137  10:10  Roach  
  137  10:12  Roach x2  
  139  10:18  Roach x3  
  139  10:19  Roach  
  139  10:25  Zergling x6  
  139  10:26  Zergling x2  
  143  10:30  Ravager x3  
  143  10:31  Zergling x2, Ravager x2, Roach x3  
  143  10:32  Zergling x4  
  143  10:34  Zergling x4  
  153  10:38  Zergling x8  
  153  10:39  Zergling x2  
  153  10:40  Roach x2  
  153  10:41  Zergling x2  
  153  10:42  Zergling x4  
  161  10:43  Zergling x2  
  161  10:44  Roach x3  
  161  10:45  Zergling x4  
  161  10:46  Roach x2  
  161  10:47  Zergling x2  
  161  10:49  Zergling x4  
  167  10:52  Zergling x4  
  167  10:53  Zergling x4  
  167  10:56  Zergling x2  
  172  10:57  Ravager x6  
Tags
 
Add a new tag
Caveats
  • Supply blocks, unpowered buildings, or Contaminate may cause inaccurate times.
  • Supply counts are checked every 10 seconds.